 Dungeon Crawl Stone Soup version 0.30-a0-121-gb27577e5d9 (webtiles) character file.

Game seed: 5409007012095125585

1127 ragingrage the Covert (level 8, -3/44 HPs)
             Began as a Kobold Brigand on Sept 14, 2022.
             Was a Follower of Wu Jian.
             Slain by an orc warrior
             ... wielding a +0 battleaxe
              (13 damage)
             ... in a bailey.
             The game lasted 00:04:18 (3553 turns).

ragingrage the Covert (Kobold Brigand)              Turns: 3553, Time: 00:04:19

Health: -3/44      AC:  6    Str:  8    XL:     8   Next: 62%
Magic:  8/8        EV: 13    Int: 17    God:    Wu Jian [*.....]
Gold:   163        SH:  0    Dex: 22    Spells: 7/7 levels left

rFire   . . .      SeeInvis .    y - +1 dagger (venom)
rCold   . . .      Faith    .    (no shield)
rNeg    . . .      Spirit   .    n - +2 leather armour "Liypia Xeth" {Int+5 Dex+3}
rPois   .          Reflect  .    (no helmet)
rElec   .          Harm     .    c - +0 cloak
rCorr   +          Rampage  .    (no gloves)
Will    .....                    (no boots)
Stlth   ++++++....               k - amulet of regeneration
HPRegen 0.94/turn                h - ring of resist corrosion
MPRegen 0.11/turn                l - ring of wizardry

@: no status effects
A: small, no large weapons, nightstalker 3
a: Renounce Religion


You were in a bailey.
You worshipped Wu Jian.
Wu Jian was aware of your devotion.
You visited 2 branches of the dungeon, and saw 7 of its levels.
You also visited: Bailey.

You collected 163 gold pieces.

Inventory:

Hand Weapons
 y - a +1 dagger of venom (weapon)
 A - a +2 whip of freezing
 D - a +3 flail of protection
Missiles
 d - 14 poisoned darts (quivered)
 e - 3 curare-tipped darts
 G - 6 boomerangs
Armour
 c - a +0 cloak (worn)
 n - the +2 leather armour "Liypia Xeth" (worn) {Int+5 Dex+3}
   (You found it on level 2 of the Dungeon)

   Int:       It affects your intelligence (+5).
   Dex:       It affects your dexterity (+3).
 s - a +2 robe of cold resistance
Jewellery
 h - a ring of resist corrosion (left hand)
 k - an amulet of regeneration (around neck)
 l - a ring of wizardry (right hand)
 F - a ring of flight
Wands
 a - a wand of mindburst (13)
Scrolls
 b - a scroll of fear {unknown}
 f - 4 scrolls of amnesia {unknown}
 g - 2 scrolls of enchant weapon {unknown}
 i - 2 scrolls of noise {unknown}
 m - a scroll of enchant armour {unknown}
 p - 5 scrolls of identify {unknown}
 q - a scroll of teleportation {unknown}
 r - a scroll of blinking {unknown}
 u - a scroll of summoning {unknown}
 w - a scroll of immolation {unknown}
 z - 2 scrolls of silence {unknown}
Potions
 j - 2 potions of magic {unknown}
 o - 2 potions of might {unknown}
 t - 2 potions of lignification {unknown}
 v - a potion of flight {unknown}
 x - a potion of mutation {unknown}
 B - 2 potions of haste {unknown}
 C - a potion of degeneration {unknown}
 E - a potion of brilliance {unknown}


   Skills:
 - Level 2.1 Fighting
 + Level 8.0 Short Blades
 - Level 6.0 Throwing
 - Level 1.2 Dodging
 + Level 9.8 Stealth


You had 7 spell levels left.
You didn't know any spells.
Your spell library contained the following spells:

 Spells                   Type           Power      Damage    Failure   Level
 Animate Armour           Summ/Erth      0%         N/A       77%         4
 Blade Hands              Tmut           0%         N/A       97%         5
 Iron Shot                Conj/Erth      0%         9d1       100%        6


Dungeon Overview and Level Annotations

Branches:
Dungeon (7/15)             Temple (1/1) D:4          Bailey (1/1)

Altars:
Ashenzari
Fedhas
Gozag
Kikubaaqudgha
Makhleb
Qazlal
Vehumet
Wu Jian
Xom
Yredelemnul
Zin


Innate Abilities, Weirdness & Mutations

You are small and have problems with some larger weapons.
You are completely attuned to the shadows.


Message History

The orc warrior shouts!
The hobgoblin shouts!
The orc shouts!
You hear a shout!
The orc attacks as you move away! The orc misses you.
The orc attacks as you move away! The orc barely misses you.
There is an open door here.
You hit the orc.
The orc is poisoned.
You punch the orc, but do no damage.
The orc is almost dead.
You kill the orc!
The Council accepts your kill.
Aiming: Mindburst
Press: ? - help, Shift-Dir - straight line, f - orc warrior
Aim: an orc warrior, wielding a +0 battleaxe and wearing a +0 plate armour (chance to affect: 64%)
The orc warrior struggles to resist.
You hit the orc warrior but do no damage.
The orc warrior is poisoned.
The orc warrior barely misses you.
You hit the orc warrior.
The orc warrior looks as sick as possible!
The orc warrior is lightly wounded.
The orc warrior attacks as you move away!
The orc warrior barely misses you.
The orc warrior attacks as you move away!
The orc warrior misses you.
There is an open door here.
You hit the orc warrior.
The orc warrior looks as sick as possible!
The orc warrior is heavily wounded.
The orc warrior hits you with a +0 battleaxe!
You completely miss the orc warrior.
The orc warrior is heavily wounded.
The orc warrior hits you with a +0 battleaxe!
You hit the orc warrior but do no damage.
The orc warrior looks as sick as possible!
The orc warrior is heavily wounded.
You hit the orc warrior but do no damage.
The orc warrior looks as sick as possible!
The orc warrior is heavily wounded.
The orc warrior hits you with a +0 battleaxe!
* * * LOW HITPOINT WARNING * * *
The orc warrior attacks as you move away!
The orc warrior hits you with a +0 battleaxe!
You die...

#)......#
##.......##
#).......)#
##.........##
#.....⌠....)#######
##.........##....)##
#........)#.....).#
##.......##......)##
#).....go@........+
##.....##.........##
#######.....⌠.....#
##.........##
#.........#
##.......## .......#
#.....## ♣##'''##♣


You could see an orc warrior (extremely poisoned) and a hobgoblin.

Vanquished Creatures
  Sigmund (D:3)
  Edmund (D:4)
  An orc warrior (Bailey)
  3 ogres
  A phantom (D:4)
  A necrophage (D:4)
  2 scorpions
  A hound (D:4)
  An orc priest (D:4)
  6 gnolls
  3 adders
  2 worms
  5 dart slugs
  16 orcs
  7 endoplasms
  3 giant cockroaches
  10 hobgoblins
  3 kobolds
  2 quokkas (D:2)
  9 ball pythons
  7 bats
  3 frilled lizards
  9 goblins
  6 rats
103 creatures vanquished.

Notes
Turn   | Place    | Note
-------+----------+-------------------------------------------
     0 | D:1      | ragingrage the Kobold Brigand began the quest for the Orb.
     0 | D:1      | Reached XP level 1. HP: 12/12 MP: 1/1
   201 | D:1      | Reached XP level 2. HP: 8/17 MP: 2/2
   904 | D:1      | Reached XP level 3. HP: 21/21 MP: 3/3
  1142 | D:2      | Reached skill level 6 in Stealth
  1195 | D:2      | Identified the +2 leather armour "Liypia Xeth" {Int+5
                  | Dex+3}
  1366 | D:2      | Reached XP level 4. HP: 26/26 MP: 4/4
  1690 | D:3      | Found a broken altar of Ashenzari.
  1768 | D:3      | Noticed a scorpion
  1774 | D:3      | Killed a scorpion
  1775 | D:3      | Reached XP level 5. HP: 23/30 MP: 5/5
  1818 | D:3      | Found a faded altar of an unknown god.
  1818 | D:3      | Noticed Sigmund
  1821 | D:3      | Killed Sigmund
  1822 | D:3      | Reached skill level 5 in Short Blades
  1822 | D:3      | Reached skill level 7 in Stealth
  1822 | D:3      | Reached XP level 6. HP: 35/35 MP: 6/6
  1895 | D:3      | Found a stormy altar of Qazlal.
  2062 | D:4      | Found a staircase to the Ecumenical Temple.
  2071 | Temple   | Entered the Ecumenical Temple
  2279 | Temple   | Became a worshipper of the Wu Jian Council
  2302 | D:4      | Noticed Edmund
  2622 | D:4      | Reached XP level 7. HP: 40/40 MP: 7/7
  2645 | D:4      | Reached skill level 8 in Stealth
  2712 | D:4      | Killed Edmund
  2713 | D:4      | Reached skill level 5 in Throwing
  3241 | D:5      | Entered Level 5 of the Dungeon
  3275 | D:5      | Reached * piety under Wu Jian
  3281 | D:5      | Reached XP level 8. HP: 44/44 MP: 8/8
  3283 | D:5      | Reached skill level 9 in Stealth
  3330 | D:5      | You fall into a shaft and drop 2 floors!
  3403 | D:7      | Found a flagged portal.
  3435 | Bailey   | Entered a bailey
  3553 | Bailey   | Slain by an orc warrior

Illustrated notes

Levels and vault maps discovered:
D:1:      dpeg_chamrin_arrival_tetris, layout_loops_ring
D:2:      layout_rooms
D:3:      layout_basic, grunt_qazlal_clouds, nicolae_ashenzari_skybound,
          dreamdust_ecumenical_altar_statues, st_stairs_12, uniq_sigmund
D:4:      layout_basic, minmay_temple_entry_trees, uniq_edmund
D:5:      layout_rooms, grunt_dithmenos_smoke_and_mirrors, minmay_misc_feat_room
D:7:      layout_basic, mainiacjoe_overflow_alcove_2, enter_bailey_4,
          minmay_ruined_shrine
Temple:   nicolae_temple_slightly_damp_pantheon
Bailey:   bailey_axe_minmay_hex_keep, bailey

Skill      XL: |  1  2  3  4  5  6  7  8 |
---------------+-------------------------+-----
Short Blades   | 3 4 5 6 8 |  8.0
Throwing       | 3 4 5 6 |  6.0
Stealth        | 6 7 8 9 |  9.8
Fighting       | |  2.1
Dodging        | |  1.2

Action                   |  1- 3 |  4- 6 |  7- 9 || total
-------------------------+-------+-------+-------++-------
Melee: Dagger            |    62 |   100 |    62 ||   224
       Punch             |     1 |       |     2 ||     3
Invok: Lunge             |       |     6 |    13 ||    19
Evoke: Wand              |       |       |     1 ||     1
 Stab: Sleeping          |    14 |    15 |    22 ||    51
       Distracted        |     1 |     1 |     2 ||     4
Armor: Robe              |     6 |       |       ||     6
       Leather armour    |       |    20 |     5 ||    25
Dodge: Dodged            |    33 |    48 |    11 ||    92

Table legend: (Time is in decaauts)
 A = Elapsed time spent in this place.
 B = Non-inter-level travel time spent in this place.
 C = Inter-level travel time spent in this place.
 D = Time resting spent in this place.
 E = Time spent auto-exploring this place.
 F = Levels seen in this place.
 G = Mean time per level.
                   A        B        C        D        E       F      G
               +--------+--------+--------+--------+--------+-----+--------+
         Total |   3513 |   3359 |    154 |    240 |   2400 |   8 |  439.1 |
       Dungeon |   3176 |   3058 |    118 |    226 |   2183 |   6 |  529.3 |
        Temple |    227 |    191 |     36 |      0 |    180 |   1 |  227.0 |
        Bailey |    108 |    108 |      0 |     14 |     37 |   1 |  108.0 |
               +--------+--------+--------+--------+--------+-----+--------+

Top non-repeatable levels by time:
     D:1: 1017 daAuts
     D:4: 915 daAuts
     D:2: 556 daAuts
     D:3: 488 daAuts
  Temple: 227 daAuts
     D:7: 112 daAuts
  Bailey: 108 daAuts
     D:5: 87 daAuts
